 Dungeon Crawl Stone Soup version 0.23-a0-619-g281719c (console) character file.

61 bli the Skirmisher (level 3, 0/34 HPs)
             Began as a Minotaur Abyssal Knight on Dec 22, 2018.
             Was a Believer of Lugonu.
             Succumbed to Robin's poison
             ... on level 2 of the Dungeon.
             The game lasted 00:05:45 (953 turns).

bli the Skirmisher (Minotaur Abyssal Knight)         Turns: 953, Time: 00:05:46

Health: 0/34       AC:  3    Str: 16    XL:     3   Next: 83%
Magic:  3/3        EV: 11    Int:  9    God:    Lugonu [**....]
Gold:   72         SH:  0    Dex: 10    Spells: 2/2 levels left

rFire    . . .     SeeInvis .   a - +2 falchion (venom)
rCold    . . .     Gourm    .   (no shield)
rNeg     . . .     Faith    .   p - +0 leather armour
rPois    .         Spirit   .   (helmet restricted)
rElec    .         Reflect  .   (no cloak)
rCorr    .         Harm     .   (no gloves)
MR       .....                  (no boots)
Stlth    +.........             (no amulet)
HPRegen  0.11/turn              (no ring)
MPRegen  0.08/turn              (no ring)

@: lethally poisoned (0 -> -8), about to teleport
A: retaliatory headbutt, horns 2
a: Depart the Abyss, Bend Space, Renounce Religion


You were on level 2 of the Dungeon.
You worshipped Lugonu.
Lugonu was pleased with you.
You were not hungry.

You visited 1 branch of the dungeon, and saw 2 of its levels.
You visited the Abyss 1 time.

You collected 72 gold pieces.

Inventory:

Hand Weapons
 a - a +2 falchion of venom (weapon)
 b - a +1 hand axe
 g - a +0 dagger of venom
 j - a +0 spear
 n - a +0 mace
Missiles
 d - 32 stones
 i - 4 tomahawks (quivered)
Armour
 f - a +0 leather armour
 m - a +0 ring mail
 p - a +0 leather armour (worn)
Scrolls
 e - a scroll of noise {unknown}
 k - a scroll of identify {unknown}
 l - a scroll of remove curse {unknown}
Comestibles
 c - 2 rations
 o - 11 chunks of flesh


   Skills:
 + Level 4.4 Fighting
 * Level 0.2 Long Blades
 + Level 3.5 Axes
 + Level 2.9 Armour
 * Level 1.7 Dodging
 + Level 1.9 Invocations


You had 2 spell levels left.
You didn't know any spells.
Your spell library was empty.

Dungeon Overview and Level Annotations

Branches:
Dungeon (2/15)

Altars:

Annotations:
D:2 Robin


Innate Abilities, Weirdness & Mutations

You reflexively headbutt those who attack you in melee.
You have a pair of horns on your head.


Message History

Robin is lightly wounded.
You closely miss Robin.
Robin is lightly wounded.
Robin hits you with a +1 dagger of venom.
* * * LOW HITPOINT WARNING * * *
You barely miss Robin.
Robin is lightly wounded.
Robin hits you but does no damage.
You are lethally poisoned!
You aren't carrying any potions.
As you read the scroll labeled KEKOANU LIF NIKHLU, it crumbles to dust.
You feel strangely unstable.
It was a scroll of teleportation.
* * * LOW HITPOINT WARNING * * *
You feel sick.
The goblin no longer looks unusually strong.
Robin closely misses you.
Wield which item (- for none, * to show all)? (? for menu, Esc to quit)
Your +2 falchion of venom begins to drip with poison!
a - a +2 falchion of venom (weapon)
You die...

##### #.... #+# #.... #.#
###....## ... .........
###.# #.....# #<#.#
#.....# #.#.# #....÷####
#.#@# ###..÷....
####.#.#g#########.#.####
.gg)g..(g)...........#...
####.#.#.#####.......#.##
#.#.# #.......#.#⌠ ..#.#
#..[....#.#. ####.#
#.......#.## #.#
#.......#... #.#
#.......#.## #.#
#.......#.#. #####.#.#.#.


You could see Robin and a hobgoblin.

Vanquished Creatures
  2 adders (D:2)
  A worm (D:2)
  2 bats
  A giant cockroach (D:1)
  7 goblins
  5 hobgoblins (D:2)
  4 jackals (D:1)
  8 kobolds
  2 ball pythons
  2 frilled lizards
  4 rats
38 creatures vanquished.

Notes
Turn   | Place    | Note
-------+----------+-------------------------------------------
     0 | Abyss:1  | bli the Minotaur Abyssal Knight began the quest for the
                  | Orb.
     0 | Abyss:1  | Reached XP level 1. HP: 19/19 MP: 1/1
     0 | Abyss:1  | Found a corrupted altar of Lugonu.
    42 | D:1      | Escaped the Abyss
   168 | D:1      | Reached XP level 2. HP: 17/27 MP: 2/2
   377 | D:1      | Reached skill level 4 in Fighting
   796 | D:2      | Reached XP level 3. HP: 30/33 MP: 3/3
   807 | D:2      | Reached ** piety under Lugonu
   935 | D:2      | Noticed Robin
   952 | D:2      | HP: 1/34 [poisoned by Robin]
   953 | D:2      | Succumbed to Robin's poison

Vault maps used:
D:1:      nagdon_arrival_double_spiral
D:2:      minmay_door_path, first_ration, serial_bayou_ford_a,
          nemelex_lonely_heart_becter, uniq_robin, uniq_terence

Skill      XL: |  1  2 |
---------------+-------+-----
Fighting       | 4 |  4.4
Axes           | 3 |  3.5
Long Blades    | |  0.2
Armour         | |  2.9
Dodging        | |  1.7
Invocations    | |  1.9

Action                   || total
-------------------------++-------
Melee: Hand axe          ||    62
       Headbutt          ||    10
       Falchion          ||     3
Throw: Stone             ||     1
       Tomahawk          ||     3
  Use: Scroll            ||     1
Armor: Leather armour    ||    18
Dodge: Dodged            ||    45

Table legend:
 A = Non-vault XP
 B = Vault XP
 C = Vault XP percentage of total XP
 D = Non-vault monster count
 E = Vault monster count
 F = Vault count percentage of total count
                 A         B        C        D         E       F
            +---------+---------+-------+---------+---------+-------
      Total |      61 |      27 |  30.7 |      30 |       8 |  21.1
            +---------+---------+-------+---------+---------+-------
        D:1 |      28 |       0 |   0.0 |      19 |       0 |   0.0
        D:2 |      33 |      27 |  45.0 |      11 |       8 |  42.1
            +---------+---------+-------+---------+---------+-------
